 Dungeon Crawl Stone Soup version 0.21-a0-525-ga34b322 (webtiles) character file.

303 Dawnplanks the Chopper (level 6, -2/56 HPs)
             Began as a Minotaur Chaos Knight on Dec 7, 2017.
             Slain by a leopard gecko (3 damage)
             ... on level 3 of the Dungeon.
             The game lasted 00:04:21 (1454 turns).

Dawnplanks the Chopper (Minotaur Chaos Knight)      Turns: 1454, Time: 00:04:22

Health: -2/56      AC:  7    Str: 18    XL:     6   Next: 15%
Magic:  5/5        EV: 12    Int: 14    God:    Xom [..*...]
Gold:   50         SH:  0    Dex: 10    Spells: 5/5 levels left

rFire    . . .     SeeInvis .   a - +0 hand axe (chaos)
rCold    . . .     Gourm    .   (no shield)
rNeg     . . .     Faith    +   b - +2 leather armour
rPois    .         Spirit   .   (helmet restricted)
rElec    .         Reflect  .   p - +1 cloak
rCorr    .         Harm     .   (no gloves)
MR       +....                  (no boots)
Stlth    +.........             v - amulet of faith (curse)
HPRegen  0.18/turn              r - ring of protection from magic
MPRegen  0.09/turn              (no ring)

@: brilliant, berserk cooldown, slowed, very slow
A: retaliatory headbutt, horns 2
a: Renounce Religion


You were on level 3 of the Dungeon.
You worshipped Xom.
You were a toy of Xom.
You were not hungry.

You visited 1 branch of the dungeon, and saw 3 of its levels.

You collected 50 gold pieces.

Inventory:

Hand Weapons
 a - a +0 hand axe of chaos (weapon)
Armour
 b - a +2 leather armour (worn)
 p - a +1 cloak (worn)
Jewellery
 r - a ring of protection from magic (left hand)
 v - a cursed amulet of faith (around neck)
Wands
 q - a wand of enslavement (5)
Scrolls
 d - 4 scrolls of identify {unknown}
 f - a scroll of teleportation {unknown}
 i - a scroll of enchant armour {unknown}
 j - a scroll of fog {unknown}
 l - a scroll of remove curse {unknown}
 o - a scroll of fear {unknown}
 t - a scroll of amnesia {unknown}
Potions
 g - a potion of magic {unknown}
 h - a potion of ambrosia {unknown}
 k - a potion of mutation {unknown}
 m - a potion of degeneration {unknown}
 n - a potion of agility {unknown}
Comestibles
 c - 3 bread rations
 s - 2 royal jellies
 u - a chunk of flesh


   Skills:
 + Level 5.1 Fighting
 + Level 5.2 Axes
 + Level 4.3 Armour
 + Level 3.4 Dodging


You had 5 spell levels left.
You didn't know any spells.

Dungeon Overview and Level Annotations

Branches:
Dungeon (3/15)

Altars:
Elyvilon
Xom


Innate Abilities, Weirdness & Mutations

You reflexively headbutt those who attack you in melee.
You have a pair of horns on your head.


Message History

You are exhausted.
You feel yourself slow down. Dawnplanks's ghost misses you.
A rat comes into view.
You miss Dawnplanks's ghost.
Dawnplanks's ghost is almost destroyed.
Dawnplanks's ghost hits you!
* * * LOW HITPOINT WARNING * * *
You hit Dawnplanks's ghost.
You destroy Dawnplanks's ghost!
Your Fighting skill increases to level 5!
Your Axes skill increases to level 5!
Your Armour skill increases to level 4!
Your Dodging skill increases to level 3!
You have reached level 5!
You have reached level 6!
Your experience leads to an increase in your attributes!
Your base attributes are Str 17, Int 9, Dex 10.
Increase (S)trength, (I)ntelligence, or (D)exterity?
You feel stronger. The leopard gecko bites you.
You die...

### ... #r#
#.# ..# #.#
#.# #.# #l#
#.#
...####@#
####.#
#......#
#....#
#.####.#
######.##.##
#.#
#.......)...
#.#
#.#.#.#.#.#(
#.#
#.#.#.#.#.#)
#.#
#.#.#.#.#.#.
#.#
#.#.#.#.#.#.
#.#
#.#.#.#.#.#(


You could see a leopard gecko and a rat.

Vanquished Creatures
  The ghost of Dawnplanks the Shield-Bearer, an amateur GnFi (D:3)
  An adder (D:2)
  4 oozes
  2 worms (D:2)
  3 dart slugs
  A leopard gecko (D:1)
  4 orcs (D:3)
  A ball python (D:3)
  2 giant cockroaches (D:2)
  6 goblins
  2 hobgoblins (D:1)
  2 jackals (D:2)
  7 bats
  3 frilled lizards
  7 kobolds
  6 rats
52 creatures vanquished.

Notes
Turn   | Place    | Note
-------+----------+-------------------------------------------
     0 | D:1      | Dawnplanks the Minotaur Chaos Knight began the quest for the Orb.
     0 | D:1      | Reached XP level 1. HP: 19/19 MP: 0/0
   122 | D:1      | XOM: divination: detect creatures
   142 | D:1      | XOM: potion effect (invisibility)
   146 | D:1      | Reached XP level 2. HP: 27/27 MP: 1/1
   408 | D:1      | XOM: divination: detect items
   461 | D:1      | Reached XP level 3. HP: 33/33 MP: 2/2
   563 | D:1      | XOM: silly message
   699 | D:2      | Found a white marble altar of Elyvilon.
   761 | D:2      | XOM: harmless Tmut miscast
   844 | D:2      | XOM: summons 1 hostile demon
   973 | D:2      | XOM: scenery: create altars
  1126 | D:2      | Reached XP level 4. HP: 40/40 MP: 3/3
  1171 | D:2      | XOM: cleaving
  1436 | D:3      | Noticed Dawnplanks's ghost (amateur GnFi)
  1437 | D:3      | XOM: potion effect (berserk rage)
  1439 | D:3      | XOM: potion effect (brilliance)
  1453 | D:3      | HP: 1/41 [Dawnplanks's ghost (10)]
  1454 | D:3      | Killed Dawnplanks's ghost
  1454 | D:3      | Reached skill level 5 in Fighting
  1454 | D:3      | Reached skill level 5 in Axes
  1454 | D:3      | Reached XP level 5. HP: 1/48 MP: 4/4
  1454 | D:3      | Reached XP level 6. HP: 1/56 MP: 5/5
  1454 | D:3      | Slain by a leopard gecko

Vault maps used:
D:1:      shiori_arrival_oz, minmay_quantized
D:2:      elyvilon_altar_5, first_bread
D:3:      minmay_misc_feat_rows, uniq_terence

Skill      XL: |  1  2  3  4 |
---------------+-------------+-----
Fighting       | 4 5 |  5.1
Axes           | 4 5 |  5.2
Armour         | 3 4 |  4.3
Dodging        | 2 3 |  3.4

Action                   |  1- 3 |  4- 6 || total
-------------------------+-------+-------++-------
Melee: Hand axe          |    83 |    29 ||   112
       Headbutt          |    15 |     6 ||    21
  Use: Potion            |       |     1 ||     1
 Stab: Invisible         |     1 |       ||     1
  Eat: Chunk             |     1 |     1 ||     2
Armor: Leather armour    |    25 |    11 ||    36
Dodge: Dodged            |    46 |    11 ||    57

Table legend:
 A = Spawn XP
 B = Non-spawn XP
 C = Spawn XP percentage of total XP
 D = Spawn monster count
 E = Non-spawn monster count
 F = Spawn count percentage of total count
 G = Total turns spent on level
                    A         B        C        D         E        F      G
               +---------+---------+-------+---------+---------+-------+---------
         Total |       0 |     434 |   0.0 |       0 |      52 |   0.0 |  1454
               +---------+---------+-------+---------+---------+-------+---------
           D:1 |       0 |      55 |   0.0 |       0 |      26 |   0.0 |   651
           D:2 |       0 |      45 |   0.0 |       0 |      17 |   0.0 |   678
           D:3 |       0 |     334 |   0.0 |       0 |       9 |   0.0 |   125
               +---------+---------+-------+---------+---------+-------+---------
